Map: Eternal Empire LE

Players

Neeb - Winner!

  • Race: Protoss Protoss
  • Spawn Location: 7:00

MaSa

  • Race: Terran Terran
  • League: Master
  • Spawn Location: 1:00

Event: DreamHack SC2 Masters 2020 Summer North America

VOD

Have the link to the VOD?

Description

Time

  • Played on: July 5, 2020, 2:44 p.m.
  • Length: 14:41

All games in this series

Show
View Real Time Build Order
Export as new Build Order

Neeb Protoss - Winner!

Build Orders: 1 Gate Expand, Blink Stalkers 

Get SALT Encoding   

  12  0:00  Probe  
  13  0:12  Probe  
  14  0:18  Pylon  
  14  0:23  Probe  
  15  0:32  Probe  
  15  0:37  Gateway  
  15  0:40  Probe  
  16  0:46  Assimilator  
  17  0:52  Probe  
  18  1:04  Probe  
  19  1:16  Probe  
  20  1:23  Nexus  
  20  1:32  Cybernetics Core  
  20  1:35  Probe  
  21  1:43  Assimilator  
  21  1:47  Probe  
  21  1:51  Pylon  
  22  1:58  Probe  
  22  1:59  Stalker  
  23  2:06  Probe  
  23  2:09  Warp Gate  
  23  2:14  Probe, Shield Battery  
  27  2:25  Probe  
  27  2:29  Stalker  
  29  2:35  Probe  
  30  2:40  Probe  
  30  2:44  Twilight Council  
  31  2:47  Probe  
  32  2:52  Probe  
  32  2:58  Blink  
  33  3:00  Gateway  
  33  3:06  Gateway  
  33  3:07  Probe  
  33  3:08  Probe  
  35  3:15  Probe  
  36  3:23  Probe  
  36  3:26  Probe  
  37  3:30  Shield Battery  
  38  3:35  Probe  
  38  3:38  Cybernetics Core  
  38  3:40  Probe  
  40  3:47  Probe  
  41  3:50  Pylon  
  41  3:52  Probe  
  42  3:58  Stalker  
  42  4:00  Probe  
  42  4:01  Pylon  
  45  4:05  Probe  
  46  4:10  Stalker, Robotics Facility  
  46  4:11  Stalker  
  51  4:17  Probe  
  51  4:20  Probe  
  52  4:26  Assimilator  
  52  4:28  Pylon  
  52  4:29  Probe  
  52  4:31  Stalker  
  55  4:42  Stalker x2  
  55  4:45  Probe x2  
  61  4:51  Observer  
  61  4:54  Stalker  
  61  4:56  Pylon  
  64  5:02  Assimilator  
  63  5:07  Stalker  
  63  5:08  Stalker  
  67  5:16  Probe x2  
  67  5:18  Nexus  
  69  5:21  Stalker  
  71  5:28  Probe  
  71  5:33  Stalker x2  
  76  5:36  Pylon  
  76  5:40  Pylon  
  76  5:43  Charge, Robotics Bay  
  76  5:45  Observer  
  76  5:49  Probe  
  78  5:54  Probe  
  79  5:57  Pylon  
  79  6:01  Probe  
  78  6:06  Probe  
  77  6:11  Stalker  
  77  6:12  Stalker x2  
  77  6:14  Probe  
  77  6:18  Probe  
  83  6:22  Colossus  
  81  6:26  Probe  
  81  6:30  Probe  
  81  6:31  Probe  
  83  6:33  Extended Thermal Lance  
  83  6:38  Probe  
  88  6:42  Probe  
  88  6:43  Probe  
  90  6:49  Gateway  
  90  6:50  Probe  
  90  6:51  Gateway  
  90  6:52  Gateway  
  91  6:54  Probe  
  91  6:55  Probe  
  91  6:57  Sentry x2  
  97  7:01  Pylon  
  97  7:04  Shield Battery  
  97  7:10  Pylon  
  97  7:11  Forge  
  97  7:13  Colossus, Forge  
  97  7:14  Stalker  
  95  7:23  Probe  
  95  7:27  Probe x2, Protoss Ground Armor Level 1, Protoss Ground Weapons Level 1  
  104  7:34  Pylon  
  104  7:48  Probe x3  
  106  7:52  Gateway  
  106  7:54  Assimilator x2, Nexus  
  106  7:55  Pylon, Gateway  
  106  8:00  Zealot  
  106  8:01  Zealot x2  
  106  8:05  Warp Prism  
  114  8:13  Gravitic Drive  
  114  8:14  Shield Battery  
  114  8:16  Zealot x2  
  114  8:19  Probe x3  
  121  8:21  Templar Archives  
  121  8:27  Shield Battery  
  121  8:31  Probe  
  121  8:33  Disruptor  
  123  8:41  Robotics Facility  
  122  8:43  Probe x2  
  122  8:48  Stalker x3  
  133  8:55  Probe  
  132  9:05  High Templar  
  132  9:06  Zealot x3, High Templar  
  132  9:07  Probe  
  132  9:08  Probe x2  
  132  9:09  Disruptor  
  148  9:12  Archon  
  148  9:22  Zealot x2  
  148  9:23  Zealot  
  154  9:26  Pylon  
  154  9:27  Pylon, Protoss Ground Weapons Level 2  
  154  9:29  Zealot  
  156  9:35  Disruptor x2  
  156  9:36  Protoss Ground Armor Level 2, Zealot  
  156  9:42  Assimilator x2  
  156  9:45  Zealot x5  
  172  9:47  Pylon  
  172  9:48  Pylon  
  172  10:05  Stalker x5  
  169  10:11  Zealot x3  
  162  10:26  Probe  
  162  10:28  Probe  
  141  10:39  Probe  
  141  10:40  Probe  
  143  10:43  Stalker x8  
  143  10:48  Probe, Pylon  
  146  11:00  Assimilator  
  146  11:10  Dark Shrine  
  146  11:11  Nexus  
  146  11:14  High Templar  
  146  11:15  Zealot x6, High Templar  
  162  11:18  Pylon  
  162  11:23  Pylon  
  161  11:27  Archon  
  161  11:31  Psionic Storm  
  161  11:37  Unknown  
  161  11:39  Photon Cannon  
  161  11:41  Photon Cannon x2  
  161  11:48  Photon Cannon  
  161  11:50  Photon Cannon  
  161  11:51  Photon Cannon  
  161  11:52  High Templar x2  
  161  11:53  Shield Battery, High Templar  
  167  11:55  Shield Battery, High Templar  
  167  11:56  Photon Cannon  
  167  11:58  Photon Cannon  
  167  12:15  Pylon  
  167  12:19  Photon Cannon  
  167  12:20  Photon Cannon  
  167  12:22  Photon Cannon  
  167  12:23  Shadow Stride  
  167  12:24  Dark Templar  
  167  12:25  Dark Templar  
  167  12:26  Pylon  
  171  12:38  High Templar  
  171  12:39  Zealot x5  
  157  13:12  Stalker  
  157  13:13  Stalker x7  
  169  13:39  Nexus, Dark Templar x8  
  175  13:44  Pylon  
  175  13:47  Unknown  
  175  13:48  Pylon  
  163  14:21  Stalker x7  
Show
View Real Time Build Order
Export as new Build Order

MaSa Terran 

Build Orders:  

Get SALT Encoding   

  12  0:00  SCV  
  13  0:12  SCV  
  14  0:17  Supply Depot  
  14  0:24  SCV  
  15  0:38  SCV  
  15  0:39  Barracks  
  16  0:46  Refinery  
  16  0:50  SCV  
  17  1:02  SCV  
  18  1:14  SCV  
  19  1:26  Orbital Command, Marine  
  20  1:45  Command Center  
  20  1:57  Factory  
  20  1:59  SCV  
  21  2:05  Barracks Reactor  
  21  2:09  Supply Depot  
  21  2:11  SCV  
  22  2:16  Refinery  
  22  2:26  SCV  
  23  2:30  Bunker  
  23  2:38  SCV  
  23  2:41  Starport  
  24  2:44  Hellion  
  24  2:46  Marine  
  24  2:50  Marine  
  28  2:53  SCV  
  29  3:02  Orbital Command  
  29  3:09  Hellion  
  31  3:16  SCV  
  31  3:18  Medivac  
  34  3:28  Marine x2  
  34  3:30  SCV  
  34  3:31  Hellion  
  34  3:33  SCV  
  39  3:41  Supply Depot  
  39  3:42  SCV  
  39  3:46  SCV  
  41  3:51  Marine  
  41  3:53  Barracks  
  42  3:59  SCV  
  42  4:02  SCV  
  44  4:10  Barracks  
  44  4:19  SCV  
  43  4:24  SCV  
  43  4:28  Marine x2  
  43  4:30  Command Center  
  46  4:32  SCV  
  45  4:40  SCV  
  45  4:42  Barracks Tech Lab  
  45  4:44  Engineering Bay  
  46  4:46  SCV  
  46  4:49  Marine x2  
  50  4:52  SCV  
  50  4:57  Barracks Tech Lab  
  50  4:59  SCV  
  51  5:00  Refinery  
  51  5:05  Stimpack  
  51  5:06  Marauder  
  53  5:08  SCV  
  53  5:10  Supply Depot  
  54  5:18  Concussive Shells  
  54  5:25  Marine  
  54  5:26  Marine  
  54  5:31  SCV  
  54  5:32  Marauder x2  
  54  5:33  Terran Infantry Weapons Level 1  
  57  5:39  SCV  
  58  5:43  Marine  
  58  5:44  Medivac  
  58  5:45  Factory Reactor  
  58  5:46  SCV  
  62  5:51  Marine  
  62  5:53  SCV, Marauder x2  
  68  5:57  Refinery  
  68  5:58  Supply Depot  
  68  6:01  Marine  
  68  6:03  SCV  
  67  6:08  SCV  
  67  6:09  Marine  
  68  6:12  Combat Shield  
  68  6:14  SCV  
  68  6:15  Marauder x2  
  68  6:24  SCV  
  63  6:27  Marine  
  63  6:31  SCV  
  67  6:36  SCV, Marauder x2  
  65  6:44  Orbital Command  
  65  6:46  Barracks  
  65  6:47  Factory Reactor  
  65  6:48  Barracks  
  65  6:49  SCV  
  65  6:52  SCV  
  65  6:53  Supply Depot  
  67  6:55  Medivac x2  
  67  6:57  Marauder  
  67  6:58  Marine x2  
  67  7:01  SCV, Orbital Command, Marauder  
  78  7:05  SCV  
  78  7:08  Supply Depot  
  79  7:13  SCV  
  79  7:15  Supply Depot  
  80  7:17  SCV, Marine x2  
  80  7:19  Marauder  
  80  7:22  Marauder  
  80  7:27  Medivac x2  
  80  7:29  SCV  
  83  7:32  SCV  
  83  7:33  SCV  
  85  7:37  Barracks Reactor, Marine x2, Barracks Tech Lab  
  85  7:38  Widow Mine x2  
  85  7:40  Marauder  
  93  7:47  Supply Depot  
  93  7:48  SCV  
  93  7:51  SCV x2  
  95  7:53  Terran Infantry Armor Level 1  
  95  7:55  Engineering Bay  
  95  7:56  Armory  
  95  7:57  Marauder x2  
  100  8:00  SCV  
  100  8:01  Medivac  
  100  8:02  Medivac  
  105  8:05  Marine  
  105  8:06  Marauder, Marine  
  105  8:09  Widow Mine  
  105  8:10  Widow Mine  
  105  8:11  SCV  
  105  8:12  SCV  
  115  8:19  SCV, Supply Depot  
  116  8:20  Supply Depot  
  116  8:23  SCV  
  117  8:35  Supply Depot  
  117  8:41  SCV x2, Marine x3, Liberator x2  
  125  8:42  Marauder x2  
  131  8:48  Terran Infantry Weapons Level 2  
  131  8:50  SCV  
  131  8:53  SCV  
  132  8:56  Refinery x2  
  132  8:58  Supply Depot  
  132  8:59  Supply Depot x2  
  132  9:01  Widow Mine x2  
  132  9:02  Marine x2  
  138  9:04  SCV x2  
  138  9:06  Terran Ship Weapons Level 1  
  140  9:14  Marauder x2, Marine  
  141  9:19  SCV x3, Marine  
  141  9:20  Marauder  
  141  9:24  Viking x2  
  151  9:29  Ghost Academy  
  151  9:38  Marauder x2, Marine x3  
  156  9:46  SCV  
  157  9:59  Marauder, Marine x3  
  164  10:00  Terran Infantry Armor Level 2, Marauder  
  164  10:02  SCV  
  164  10:03  Command Center  
  165  10:16  SCV, Marine  
  165  10:18  Widow Mine, Marine x2  
  165  10:20  Marine  
  164  10:23  Widow Mine  
  164  10:25  Marauder  
  164  10:27  Marauder  
  164  10:28  SCV  
  148  10:29  Marauder  
  148  10:34  Marine  
  148  10:35  Viking, Supply Depot x2  
  133  10:36  SCV x2, Marine x2  
  133  10:37  Marine  
  139  10:47  Marauder  
  139  10:49  Enhanced Shockwaves  
  140  10:50  Supply Depot  
  140  10:51  Supply Depot  
  140  10:52  SCV, Supply Depot  
  145  10:57  SCV x2, Marauder  
  145  11:00  Ghost  
  145  11:02  Marine x4  
  149  11:07  Ghost, Sensor Tower  
  151  11:14  Viking x2  
  151  11:18  SCV x3, Marine  
  159  11:27  Command Center  
  159  11:32  Terran Infantry Weapons Level 3  
  159  11:34  Marine  
  159  11:35  Marine  
  159  11:36  SCV  
  159  11:38  Marine x2  
  162  11:43  Marauder, Barracks  
  166  11:47  Viking  
  166  11:54  Marauder x2  
  170  11:58  SCV x3, Barracks  
  173  12:09  Missile Turret  
  173  12:10  Marauder, Marine x3  
  173  12:15  Marauder  
  180  12:18  Marine  
  181  12:27  Marine  
  181  12:31  Marauder  
  181  12:34  Marine  
  181  12:35  Marine  
  181  12:37  Supply Depot x2  
  181  12:41  Liberator x2  
  181  12:42  Marauder x2, Marine x2  
  193  12:45  Marine  
  192  12:52  Marauder, Marine  
  195  13:03  Marauder x2  
  189  13:07  Marine x4  
  189  13:13  Marine  
  189  13:14  Marauder  
  185  13:24  SCV x2, Marauder x2, Marine  
  185  13:25  Marine  
  173  13:32  SCV  
  165  13:35  Marauder  
  165  13:36  SCV x2, Medivac x2  
  165  13:40  Marine x2  
  155  13:42  Barracks Tech Lab  
  155  13:46  Marauder x2  
  159  13:49  Missile Turret  
  159  13:51  Missile Turret  
  157  13:56  Marauder  
  157  13:59  Marine x2  
  156  14:04  SCV  
  156  14:07  SCV, Marauder x3, Marine  
  151  14:18  Marauder  
  151  14:19  Marine  
Tags
 
Add a new tag
Caveats
  • Supply blocks, unpowered buildings, or Contaminate may cause inaccurate times.
  • Supply counts are checked every 10 seconds.